 Dungeon Crawl Stone Soup version 0.24.0-13-gcf9b3192b9 (webtiles) character file.

Game seed: 5061529111776604192, levelgen mode: deterministic

4 Descartes the Scratcher (level 1, -4/9 HPs)
             Began as a Felid Transmuter on Nov 10, 2019.
             Slain by a hobgoblin
             ... wielding a cursed -1 club
              (7 damage)
             ... on level 1 of the Dungeon.
             The game lasted 00:00:32 (129 turns).

Descartes the Scratcher (Felid Transmuter)           Turns: 129, Time: 00:00:33

Health: -4/9       AC:  1    Str:  6    XL:     1   Next: 58%
Magic:  3/4        EV: 18    Int: 14    God:
Gold:   0          SH:  0    Dex: 16    Spells: 3/4 levels left
                                        Lives:  0   Deaths: 0

rFire    . . .     SeeInvis +     - Unarmed
rCold    . . .     Gourm    .   (shield unavailable)
rNeg     . . .     Faith    .   (armour unavailable)
rPois    .         Spirit   .   (helmet unavailable)
rElec    .         Reflect  .   (cloak unavailable)
rCorr    .         Harm     .   (gloves unavailable)
MR       .....                  (boots unavailable)
Stlth    ++........             (no amulet)
HPRegen  0.03/turn              (no ring)
MPRegen  0.09/turn              (no ring)

@: appendage, quick
A: very small, no armour, no weapons or thrown items, stealth, claws 1, fangs 3,
horns 2, see invisible, carnivore, speed 1, shaggy fur 1, slow metabolism 1,
sharp paws
a: End Transformation


You were on level 1 of the Dungeon.
You were not hungry.
You had grown temporary horns.
You visited 1 branch of the dungeon, and saw 1 of its levels.

Inventory:

Missiles
 a - 12 arrows
Scrolls
 b - a scroll of remove curse {unknown}
 e - a scroll of magic mapping {unknown}
Potions
 d - a potion of flight {unknown}
Comestibles
 c - a ration


   Skills:
 - Level 1.0 Fighting
 * Level 3.0 Dodging
 + Level 0.4 Stealth
 * Level 3.1 Unarmed Combat
 - Level 2.0 Spellcasting
 + Level 2.2 Transmutations


You had 3 spell levels left.
You knew the following spells:

 Your Spells              Type           Power        Failure   Level  Hunger
a - Beastly Appendage     Tmut           #.....       10%         1    ##.....

Your spell library contained the following spells:

 Spells                   Type           Power        Failure   Level  Hunger
 Sticks to Snakes         Tmut           #.......     14%         2    ###....
 Spider Form              Tmut/Pois      #.........   41%         3    ####...
 Ice Form                 Ice/Tmut       #.......     83%         4    #####..
 Blade Hands              Tmut           #.........   95%         5    ######.


Dungeon Overview and Level Annotations

Branches:
Dungeon (1/15)

Altars:


Innate Abilities, Weirdness & Mutations

You cannot wear armour.
You are incapable of wielding weapons or throwing items.
Your paws allow you to move quietly. (Stealth)
You have sharp claws.
You have razor-sharp teeth.
You have supernaturally acute eyesight. (SInv)
You are carnivorous and can eat meat at any time.
You cover ground quickly.
You are covered in fur. (AC +1)
You have a slow metabolism.
Your sharp claws are effective at attacking unaware monsters.
You have a pair of horns on your head.


Message History

You scratch the hobgoblin but do no damage.
Your headbutt misses the hobgoblin.
The hobgoblin is almost dead.
The hobgoblin hits you with a +0 club.
You barely miss the hobgoblin. Your headbutt misses the hobgoblin.
The hobgoblin is almost dead.
The hobgoblin closely misses you.
You barely miss the hobgoblin. Your headbutt misses the hobgoblin.
The hobgoblin is almost dead.
Your horns disappear.
The hobgoblin closely misses you.
You scratch the hobgoblin.
You kill the hobgoblin!
Your Dodging skill increases to level 3!
Casting: Beastly Appendage (safe; 10% risk of failure)
Confirm with . or Enter, or press ? or * to list all spells.
You grow a pair of large bovine horns.
The hobgoblin hits you with a cursed -1 club!
Ouch! That really hurt!
You die...

#### ### .. ..# #.. .. .. . #.#
#.# .# ..##.# ###.####
#####.##.# .#.#.#.
.......#######........ .......
.##..#.........###.#.###.......
#.#.)########..###.#...........
#....# #...@gg....#.......
#.##.# ##.###.#........>..
.###.# #.# #.#..##....$..
.....# #.# #.#.## .......
###### #.# ..... .#.#.#. # #.#
##..# .#..... # #.# .... ..
#### # >. ..### .. # ##. ..


You could see a hobgoblin and a goblin.

Vanquished Creatures
  A goblin (D:1)
  2 hobgoblins (D:1)
  A frilled lizard (D:1)
4 creatures vanquished.

Notes
Turn   | Place    | Note
-------+----------+-------------------------------------------
     0 | D:1      | Descartes the Felid Transmuter began the quest for the Orb.
     0 | D:1      | Reached XP level 1. HP: 9/9 MP: 4/4
   129 | D:1      | Slain by a hobgoblin

Levels and vault maps discovered:
D:1:      eino_arrival_cavern_d, layout_loops_ring, wad_floor_pattern_2,
          st_stairs_4, minmay_heptomino_o4

Skill      XL: |  1 |
---------------+----+-----
Dodging        | 3 |  3.0
Fighting       | |  1.0
Stealth        | |  0.4
Unarmed Combat | |  3.1
Spellcasting   | |  2.0
Transmutations | |  2.2

Action                   || total
-------------------------++-------
Melee: Unarmed           ||    22
       Headbutt          ||     1
 Cast: Beastly Appendage ||     2
Armor: Skin              ||     1
Dodge: Dodged            ||    16
